 Dungeon Crawl Stone Soup version 0.29.1-15-g9cfb28693d (webtiles) character file.

Game seed: 3681000231988925814

124 Smoke131 the Ruffian (level 5, -2/47 HPs)
             Began as a Ghoul Monk on Mar 1, 2023.
             Splashed by a jelly's acid (6 damage)
             ... on level 6 of the Dungeon.
             The game lasted 00:06:17 (2615 turns).

Smoke131 the Ruffian (Ghoul Monk)                   Turns: 2615, Time: 00:06:17

Health: -2/47      AC: -9    Str: 17    XL:     5   Next: 8%
Magic:  4/4        EV: 11    Int:  5    God:
Gold:   135        SH:  0    Dex: 11    Spells: 4/4 levels left

rFire   . . .      SeeInvis .     - Unarmed
rCold   + . .      Faith    .   (no shield)
rNeg    + + +      Spirit   .   d - +0 ring mail
rPois   ∞          Reflect  .   (no helmet)
rElec   .          Harm     .   c - +0 cloak
rCorr   .          Rampage  .   (no gloves)
Will    .....                   (no boots)
Stlth   +.........              (no amulet)
HPRegen 0.00/turn               (no ring)
MPRegen 0.09/turn               (no ring)

@: corroded, inhibited regen
A: claws 1, cold resistance 1, negative energy resistance 3, inhibited
regeneration, torment resistance 2, devour on kill
a: no special abilities


You were on level 6 of the Dungeon.
You visited 1 branch of the dungeon, and saw 4 of its levels.

You collected 135 gold pieces.

Inventory:

Armour
 c - a +0 cloak (worn)
 d - a +0 ring mail (worn)
Scrolls
 e - a scroll of enchant weapon {unknown}
 f - 2 scrolls of magic mapping {unknown}
 g - a scroll of fear {unknown}
 h - a scroll of enchant armour {unknown}
 j - 4 scrolls of teleportation {unknown}
 l - a scroll of immolation {unknown}
 n - a scroll of identify {unknown}
Potions
 a - a potion of magic {unknown}
 b - a potion of ambrosia
 i - a potion of haste {unknown}
 k - a potion of heal wounds {unknown}


   Skills:
 + Level 4.4 Fighting
 + Level 1.9 Armour
 - Level 2.9 Dodging
 - Level 2.1 Stealth
 + Level 4.4 Unarmed Combat


You had 4 spell levels left.
You didn't know any spells.
Your spell library was empty.

Dungeon Overview and Level Annotations

Branches:
Dungeon (3/15)

Altars:


Innate Abilities, Weirdness & Mutations

You are immune to poison.
You have sharp fingernails.
Your flesh is cold resistant. (rC+)
You are immune to negative energy. (rN+++)
You do not regenerate when monsters are visible.
You are immune to unholy pain and torment.
You thrive by killing the living.


Message History

You feel better.
You see here a +0 trident.
You see here a +0 trident.
You see here a +0 leather armour.
A sourceless malevolence fills the Dungeon...
You fall into a shaft and drop 3 floors!
The shaft crumbles and collapses.
A jelly comes into view.
An orc comes into view. It is wielding a +0 war axe.
The jelly quivers.
You scratch the jelly.
Your claws burn!
The jelly is lightly wounded.
You scratch the jelly. The acid corrodes you!
Your claws burn!
The jelly is heavily wounded.
The jelly closely misses you.
You scratch the jelly.
Your claws burn!
The jelly is heavily wounded.
The jelly hits you but does no damage.
You scratch the jelly but do no damage.
Your claws burn!
The jelly is heavily wounded.
The jelly hits you. The acid corrodes you!
You are splashed with acid.
You scratch the jelly.
Your claws burn!
The jelly is severely wounded.
The jelly hits you.
You are splashed with acid!
You scratch the jelly.
Your claws burn!
* * * LOW HITPOINT WARNING * * *
The jelly is severely wounded.
The jelly hits you.
* * * LOW HITPOINT WARNING * * *
The acid corrodes you!
You are splashed with acid!
* * * LOW HITPOINT WARNING * * *
You feel better. The jelly misses you.
You scratch the jelly but do no damage. The acid corrodes you!
Your claws burn!
* * * LOW HITPOINT WARNING * * *
You claw the jelly, but do no damage.
The jelly is severely wounded.
The jelly hits you.
* * * LOW HITPOINT WARNING * * *
You are splashed with acid.
You die...

##### .#
##...####.##
#...........
#...........
#.........o.
+..........#
#...o......#
#J# .#
##@##.#
#.....#
#.....#
#.....#
#.....#
#.....#
#.....#
##.##.# ###
.#


You could see a jelly and an orc.

Vanquished Creatures
  Crazy Yiuf (D:2)
  An adder (D:3)
  A dart slug (D:1)
  5 orcs
  6 ball pythons
  14 endoplasms
  2 giant cockroaches (D:1)
  8 goblins
  5 hobgoblins
  7 quokkas
  5 bats
  8 frilled lizards
  4 kobolds
  4 rats
71 creatures vanquished.

Notes
Turn   | Place    | Note
-------+----------+-------------------------------------------
     0 | D:1      | Smoke131 the Ghoul Monk began the quest for the Orb.
     0 | D:1      | Reached XP level 1. HP: 19/19 MP: 0/0
   324 | D:1      | Reached XP level 2. HP: 24/26 MP: 1/1
   825 | D:1      | Reached XP level 3. HP: 33/33 MP: 2/2
  1127 | D:2      | Found Rienuosch's Weapon Shop.
  1244 | D:2      | Reached skill level 1 in Armour
  1615 | D:2      | Found a runed translucent door.
  1616 | D:2      | Noticed Crazy Yiuf
  1630 | D:2      | Killed Crazy Yiuf
  1631 | D:2      | Reached XP level 4. HP: 12/40 MP: 0/3
  2305 | D:3      | Reached XP level 5. HP: 47/47 MP: 4/4
  2598 | D:3      | You fall into a shaft and drop 3 floors!
  2613 | D:6      | HP: 1/47 [acid (8)]
  2615 | D:6      | Splashed by a jelly's acid

Illustrated notes

Levels and vault maps discovered:
D:1:      minmay_arrival_semitransparent, layout_basic
D:2:      layout_basic, serial_shops, nicolae_shop_advertising_works
          [nicolae_subvault_shop_adworks], uniq_crazy_yiuf_cottage
D:3:      kennysheep_six_static_rooms, layout_rooms, serial_corexii_hall,
          chequers_hall_statues_y, corexii_hall_statues_u
D:6:      cheibrodos_thug_alley, layout_gridville,
          nicolae_elevator_lobby_asterisk, uniq_grinder, uniq_eustachio,
          uniq_edmund

Skill      XL: |  1  2  3 |
---------------+----------+-----
Armour         | 1 |  1.9
Unarmed Combat | 4 |  4.4
Fighting       | 4 |  4.4
Dodging        | |  2.9
Stealth        | |  2.1

Action                   |  1- 3 |  4- 6 || total
-------------------------+-------+-------++-------
Melee: Unarmed           |   130 |    89 ||   219
       Punch             |     1 |     1 ||     2
  Use: Potion            |     4 |     1 ||     5
 Stab: Sleeping          |     1 |       ||     1
Armor: Ring mail         |    38 |    31 ||    69
       Robe              |     3 |       ||     3
Dodge: Dodged            |    64 |    44 ||   108
